 Dungeon Crawl Stone Soup version 0.31-a0-16-g6d2539766c (webtiles) character file.

Game seed: 10743612089997237731

166 bande the Trooper (level 5, -1/33 HPs)
             Began as a Gargoyle Fighter on May 9, 2023.
             Slain by an orc
             ... wielding a +0 mace
              (7 damage)
             ... on level 3 of the Dungeon.
             The game lasted 00:03:09 (1839 turns).

bande the Trooper (Gargoyle Fighter)                Turns: 1839, Time: 00:03:09

Health: -1/33      AC: 11    Str: 19    XL:     5   Next: 47%
Magic:  5/5        EV:  9    Int:  9    God:
Gold:   142        SH:  4    Dex: 11    Spells: 4/4 levels left

rFire   . . .        a - +0 war axe
rCold   . . .        c - +0 buckler
rNeg    + . .        b - +0 scale mail
rPois   ∞            (no helmet)
rElec   +            (no cloak)
rCorr   .            (no gloves)
SInv    .            (no boots)
Will    .....        (no amulet) Stlth
                     (no ring)
HPRegen 0.25/turn    (no ring)
MPRegen 0.09/turn

%: no passive effects
@: no status effects
A: sickness immunity, AC +4, negative energy resistance 1, electricity
resistance, torment resistance 1, petrification resistance
a: no special abilities


You were on level 3 of the Dungeon.
You visited 1 branch of the dungeon, and saw 3 of its levels.

You collected 142 gold pieces.

Inventory:

Hand Weapons
 a - a +0 war axe (weapon)
Armour
 b - a +0 scale mail (worn)
 c - a +0 buckler (worn)
Jewellery
 n - a ring of fire
Scrolls
 f - 3 scrolls of identify {unknown}
 h - 2 scrolls of vulnerability {unknown}
 k - a scroll of amnesia {unknown}
 l - 2 scrolls of enchant armour {unknown}
 m - a scroll of immolation {unknown}
 o - a scroll of fear {unknown}
Potions
 d - a potion of might
 e - a potion of cancellation {unknown}
 g - 2 potions of attraction {unknown}
 i - 2 potions of flight {unknown}
 j - 2 potions of brilliance {unknown}


   Skills:
 + Level 4.1 Fighting
 + Level 3.6 Axes
 + Level 3.9 Armour
 + Level 4.0 Shields


You had 4 spell levels left.
You didn't know any spells.
Your spell library contained the following spells:

 Spells                   Type           Power      Damage    Failure   Level
 Shock                    Conj/Air       0%         1d3       83%         1
 Summon Guardian Golem    Hex/Summ       0%         N/A       99%         3
 Swiftness                Air            0%         N/A       99%         3
 Airstrike                Air            0%         2d(0-16)  100%        4
 Orb of Destruction       Conj           0%         9d5       100%        7
 Spellforged Servitor     Conj/Summ      0%         N/A       100%        7


Dungeon Overview and Level Annotations

Branches:
Dungeon (3/15)

Altars:
Qazlal


Innate Abilities, Weirdness & Mutations

You are immune to sickness and miasma.
Your stone body is resilient. (AC +4)
You are immune to poison.
You resist negative energy. (rN+)
You are resistant to electric shocks. (rElec)
You are resistant to unholy torment.
You are immune to petrification.


Message History

You kill the orc priest!
You closely miss the orc priest.
The orc priest mumbles some strange prayers to Beogh against you.
Beogh smites you!
* * * LOW HITPOINT WARNING * * *
Your Shields skill increases to level 4!
You have reached level 5!
You slash the orc priest!
You kill the orc priest!
The orc throws a boomerang.
You block the boomerang.
You hit the orc.
The orc is heavily wounded.
The orc closely misses you.
You slash the orc!
You kill the orc!
Items here: ( ))) †††.
You now have 142 gold pieces (gained 18).
Things that are here:
a +0 mace; an orc corpse A ball python comes into view.
A ball python is nearby!
A ball python is nearby!
A ball python is nearby!
Things that are here:
a +0 dagger; a +0 robe You start resting.
An orc comes into view. It is wielding a +0 mace.
An orc is nearby!
The orc shouts!
A rat comes into view.
The rat bites you but does no damage.
You hit the rat but do no damage. The rat barely misses you.
You slash the rat!
You kill the rat!
The orc hits you with a +0 mace.
* * * LOW HITPOINT WARNING * * *
The orc hits you with a +0 mace.
* * * LOW HITPOINT WARNING * * *
You closely miss the orc. The orc hits you with a +0 mace!
You die...

# #.#.#####.####.#
########
..####.#.#####o.....#
...).).........######
.#######)##...........
###.##o##.#..####
#......##.#..###
#....†.##......##.#
#......####.......#
#.........o@.#(##.#
#....(#####.......#
####### #†...##.#
#..### #..# #... ##.##
.# .#


You could see an orc.

Vanquished Creatures
  2 orc priests (D:3)
  An orc wizard (D:3)
  An adder (D:3)
  4 dart slugs
  2 orcs (D:3)
  4 bats
  7 endoplasms
  4 giant cockroaches (D:1)
  3 goblins
  8 hobgoblins
  2 jackals (D:3)
  6 kobolds
  3 quokkas
  4 ball pythons
  4 frilled lizards
  4 rats
59 creatures vanquished.

Notes
Turn   | Place    | Note
-------+----------+-------------------------------------------
     0 | D:1      | bande the Gargoyle Fighter began the quest for the Orb.
     0 | D:1      | Reached XP level 1. HP: 14/14 MP: 1/1
    49 | D:1      | Reached XP level 2. HP: 19/19 MP: 2/2
   400 | D:1      | Reached XP level 3. HP: 23/23 MP: 3/3
  1043 | D:2      | Reached XP level 4. HP: 29/29 MP: 4/4
  1483 | D:3      | Found a stormy altar of Qazlal.
  1810 | D:3      | Reached XP level 5. HP: 3/33 MP: 5/5
  1839 | D:3      | Slain by an orc

Illustrated notes

Levels and vault maps discovered:
D:1:      dpeg_arrival_concentric_ovals, layout_loops_ring, serial_glass,
          glass_columns_a, glass_columns_b
D:2:      layout_loops_ring
D:3:      layout_loops_cross, nicolae_qazlal_general_emergency

Skill      XL: |  1  2  3  4 |
---------------+-------------+-----
Axes           | 2 3 |  3.6
Fighting       | 4 |  4.1
Shields        | 4 |  4.0
Armour         | |  3.9

Action                     |  1- 3 |  4- 6 || total
---------------------------+-------+-------++-------
  Melee: War axe           |   101 |    47 ||   148
 Armour: Scale mail        |    56 |    21 ||    77
  Dodge: Dodged            |    50 |    15 ||    65
  Block: Buckler           |    25 |    11 ||    36

Table legend: (Time is in decaauts)
 A = Elapsed time spent in this place.
 B = Non-inter-level travel time spent in this place.
 C = Inter-level travel time spent in this place.
 D = Time resting spent in this place.
 E = Time spent auto-exploring this place.
 F = Levels seen in this place.
 G = Mean time per level.
                   A        B        C        D        E       F      G
               +--------+--------+--------+--------+--------+-----+--------+
         Total |   1899 |   1857 |     42 |    120 |   1302 |   3 |  633.0 |
       Dungeon |   1899 |   1857 |     42 |    120 |   1302 |   3 |  633.0 |
               +--------+--------+--------+--------+--------+-----+--------+

Top non-repeatable levels by time:
     D:1: 888 daAuts
     D:2: 607 daAuts
     D:3: 404 daAuts
